Red Wings vs Rangers

Created - 19 mars 2024 at 13:53

Goals
1 2 3 T
Red Wings 2 0 1 3
Rangers 0 0 1 1
Shots
1 2 3 T
Red Wings 14 8 10 32
Rangers 12 9 7 28

GoalsPenalties
1st period
1. Red Wings , Noel Acciari 7 (Kailer Yamamoto 22, Lars Eller 11) at 2:16
2. Red Wings , Michael Carcone 9 (Connor Brown 12, David Pastrnak 35) at 19:59
No Penalty
2nd period
No Goal
David Pastrnak (DET) for Holding (Minor) at 4:43
Kyle Okposo (DET) for Interference (Minor) at 18:50
3rd period
3. Red Wings , Kailer Yamamoto 21 (Dylan DeMelo 16, Lars Eller 12) at 4:43
4. Rangers , Erik Karlsson 5 (Nick Jensen 12, Alexander Barabanov 34) at 6:48
Radko Gudas (DET) for Goalie Interference (Minor) at 9:23
Goalie Stats
Marc-Andre Fleury (DET), 27 saves from 28 shots - (0,964), W, 23-14-1, 60:00 minutes
Frederik Andersen (NYR), 29 saves from 32 shots - (0,906), L, 24-19-7, 60:00 minutes
3 StarsOfficial
1 - Kailer Yamamoto (DET)
2 - Lars Eller (DET)
3 - Marc-Andre Fleury (DET)
Referees : Michael Markovic and Beaudry Halkidis
Linesman : Colin Gates and Derek Amell
Game Note
No Game Note
Finance
Level 1 -- Attendance: 5218 (86,97%) -- Ticket Income $521,800
Level 2 -- Attendance: 5000 (100,00%) -- Ticket Income $300,000
Level 3 -- Attendance: 1819 (90,95%) -- Ticket Income $63,665
Level 4 -- Attendance: 4000 (100,00%) -- Ticket Income $80,000
Luxury Box -- Attendance: 958 (95,80%) -- Ticket Income $191,600
Game was played at the Blue Shirt Stadium.
Total Attendance: 16995 (94,42%)
Total Ticket Income: $1,157,065
Other Income: $566,962
Total Income: $1,724,027



Team Name Goals Shots Shots Attemp Shots Blocked PIM HIT PP PK FO%
Red Wings 33262166270 / 0 (0,00%047%
Rangers 1286470190 / 3 (0%)053%

Red Wings
Player Name POS G A P +/- PIM HIT SHT SB MP PP MP PP SHT PK MP PK SHT FO% FOT GA TA
Brett PesceD0000021019:010:0000:0000% 000
Connor BrownLW/RW0111001110:430:0002:5100% 000
David PastrnakLW/RW011-1224017:510:0000:08050% 210
Dylan DeMeloD0111011122:380:0003:0900% 002
Jeff PetryD0001041218:100:0002:4800% 010
John TavaresC/LW0000016016:360:0000:09052% 2310
Jujhar KhairaC/LW/RW000101037:520:0000:0000% 010
Justin HollRW/D0000021422:080:0002:4800% 000
Juuso ValimakiD0001000016:160:0001:0900% 001
Kailer YamamotoC/LW/RW1122019116:290:0002:570100% 110
Kyle OkposoLW/RW0000221015:100:0000:0000% 000
Lars EllerC/LW/RW0222032016:110:0002:5700% 000
Mark ScheifeleC/RW000-1000016:300:0000:00044% 1601
Michael CarconeC/LW/RW101100107:520:0000:00067% 300
Noel AcciariC/LW/RW1012021016:050:0002:51042% 1210
Oliver BjorkstrandLW/RW0000011015:290:0000:0000% 000
Radko GudasD0001240321:280:0002:0000% 001
Viktor ArvidssonLW/RW000-1012117:310:0000:0100% 201
Rangers
Player Name POS G A P +/- PIM HIT SHT SB MP PP MP PP SHT PK MP PK SHT FO% FOT GA TA
Adam PelechD000-1031015:360:0000:0000% 011
Alexander BarabanovLW/RW0111004018:022:4000:0000% 000
Arthur KaliyevLW/RW000-1002112:500:0000:0000% 010
Carter VerhaegheC/LW0001020018:022:4000:000100% 110
Chandler StephensonC/LW/RW000-1031020:073:1400:00056% 2501
Dakota JoshuaC/LW000-101108:400:0000:0000% 000
David KampfC/RW000-100009:010:0300:00067% 300
Dylan SambergD000-100005:000:0000:0000% 000
Erik KarlssonD1011002023:323:4100:0000% 002
Joshua MorrisseyD000-2022122:243:4100:0000% 000
Kyle ConnorC/LW000-1004020:063:1500:0000% 110
Nazem KadriC/LW/RW0001023018:202:4000:00053% 1510
Nick JensenD0111000318:090:0000:0000% 001
Noah DobsonD0000002014:272:1600:0000% 000
Philip TomasinoC/LW/RW000-1021112:500:0000:00056% 900
Rasmus AnderssonD000-2011120:522:1600:0000% 000
Roope HintzC/LW/RW000-1021020:073:1400:00033% 301
Sheldon DriesC000000000:000:0000:0000% 000
Trent FredericC/LW000-1001012:500:0000:0000% 210
Tyler MotteC/LW/RW000-101209:050:0500:0000% 000

Red Wings

5 vs 5 Forward
Line #Left WingCenterRight WingPHYDFOFWanted %Time %Time Play
1David PastrnakMark ScheifeleViktor Arvidsson0323433%17:46
2Oliver BjorkstrandJohn TavaresKyle Okposo0233228%15:11
3Kailer YamamotoNoel AcciariLars Eller1222424%13:14
4Connor BrownMichael CarconeJujhar Khaira1221015%7:52
5 vs 5 Defense
Line #DefenseDefensePHYDFOFWanted %Time %Time Play
1Justin HollBrett Pesce0323636%19:26
2Dylan DeMeloRadko Gudas0323637%19:46
3Jeff PetryJuuso Valimaki0412827%14:51
4Jeff PetryDylan DeMelo12200%0:00
Power Play Forward
Line #Left WingCenterRight WingPHYDFOFWanted %Time %Time Play
1David PastrnakJohn TavaresMark Scheifele005600%0:00
2Oliver BjorkstrandLars EllerViktor Arvidsson005400%0:00
Power Play Defense
Line #DefenseDefensePHYDFOFWanted %Time %Time Play
1Justin HollJeff Petry014500%0:00
2Dylan DeMeloBrett Pesce014500%0:00
Penalty Kill 4 Players Forward
Line #CenterWingPHYDFOFWanted %Time %Time Play
1Noel AcciariConnor Brown0505050%3:00
2Lars EllerKailer Yamamoto0505050%2:57
Penalty Kill 4 Players Defense
Line #DefenseDefensePHYDFOFWanted %Time %Time Play
1Dylan DeMeloRadko Gudas1405053%3:09
2Justin HollJeff Petry1405047%2:48
Penalty Kill 3 Players
Line #WingPHYDFOFWanted %Time %Time PlayDefenseDefensePHYDFOFWanted %Time %Time Play
1Lars Eller050500%0:00 Jeff PetryRadko Gudas140500%0:00
2Noel Acciari050500%0:00 Brett PesceJustin Holl140500%0:00
4 vs 4 Forward
Line #CenterWingPHYDFOFWanted %Time %Time Play
1Mark ScheifeleDavid Pastrnak014500%0:00
2John TavaresOliver Bjorkstrand023500%0:00
4 vs 4 Defense
Line #DefensePHYDFOFWanted %Time %Time Play
1Justin HollJeff Petry032500%0:00
2Radko GudasDylan DeMelo032500%0:00
Last Minutes Offensive
Left WingCenterRight WingDefenseDefense
David PastrnakJohn TavaresMark ScheifeleJeff PetryBrett Pesce
Last Minutes Defensive
Left WingCenterRight WingDefenseDefense
Lars EllerMark ScheifeleConnor BrownJeff PetryBrett Pesce
Time
Total ForwardTotal DefenseLast Minutes OffensiveLast Minutes Defensive
60:00 60:00 0:000:00
Extra Forwards
Normal PowerPlayPenalty Kill
Kailer Yamamoto, Oliver Bjorkstrand, Viktor ArvidssonLars Eller, Kailer YamamotoConnor Brown
Extra Defensemen
Normal PowerPlayPenalty Kill
Juuso Valimaki, Justin Holl, Radko GudasJuuso Valimaki, Juuso ValimakiRadko Gudas
Penalty Shots
Oliver Bjorkstrand, David Pastrnak, Kyle Okposo, Lars Eller, Kailer Yamamoto
Goalie
Marc-Andre Fleury, Carter Hart
Custom OT Lines Forwards
David Pastrnak, Viktor Arvidsson, Mark Scheifele, John Tavares, Lars Eller, Oliver Bjorkstrand, Kyle Okposo, Noel Acciari, Kailer Yamamoto, Connor Brown
Custom OT Lines Defensemen
Brett Pesce, Justin Holl, Radko Gudas, Jeff Petry, Dylan DeMelo
Scratches
Scott Harrington (Healthy)

Rangers

5 vs 5 Forward
Line #Left WingCenterRight WingPHYDFOFWanted %Time %Time Play
1Kyle ConnorChandler StephensonRoope Hintz0143632%17:11
2Carter VerhaegheNazem KadriAlexander Barabanov0143428%15:22
3Trent FredericPhilip TomasinoArthur Kaliyev0232324%12:50
4Dakota JoshuaDavid KampfTyler Motte041716%8:40
5 vs 5 Defense
Line #DefenseDefensePHYDFOFWanted %Time %Time Play
1Rasmus AnderssonJoshua Morrissey0413536%19:25
2Erik KarlssonNick Jensen0413535%19:02
3Noah DobsonAdam Pelech0412020%10:36
4Adam PelechDylan Samberg041109%5:00
Power Play Forward
Line #Left WingCenterRight WingPHYDFOFWanted %Time %Time Play
1Kyle ConnorChandler StephensonRoope Hintz0145555%3:17
2Carter VerhaegheNazem KadriAlexander Barabanov0144545%2:40
Power Play Defense
Line #DefenseDefensePHYDFOFWanted %Time %Time Play
1Erik KarlssonJoshua Morrissey0236062%3:41
2Rasmus AnderssonNoah Dobson0234038%2:16
Penalty Kill 4 Players Forward
Line #CenterWingPHYDFOFWanted %Time %Time Play
1David KampfTyler Motte050600%0:00
2Chandler StephensonDakota Joshua050400%0:00
Penalty Kill 4 Players Defense
Line #DefenseDefensePHYDFOFWanted %Time %Time Play
1Adam PelechNick Jensen050600%0:00
2Dylan SambergRasmus Andersson050400%0:00
Penalty Kill 3 Players
Line #WingPHYDFOFWanted %Time %Time PlayDefenseDefensePHYDFOFWanted %Time %Time Play
1David Kampf050600%0:00 Adam PelechNick Jensen050600%0:00
2Chandler Stephenson050400%0:00 Dylan SambergRasmus Andersson050400%0:00
4 vs 4 Forward
Line #CenterWingPHYDFOFWanted %Time %Time Play
1Nazem KadriCarter Verhaeghe032550%0:00
2Roope HintzKyle Connor032450%0:00
4 vs 4 Defense
Line #DefensePHYDFOFWanted %Time %Time Play
1Nick JensenRasmus Andersson032600%0:00
2Joshua MorrisseyErik Karlsson032400%0:00
Last Minutes Offensive
Left WingCenterRight WingDefenseDefense
Kyle ConnorRoope HintzCarter VerhaegheErik KarlssonJoshua Morrissey
Last Minutes Defensive
Left WingCenterRight WingDefenseDefense
Tyler MotteDavid KampfChandler StephensonAdam PelechNick Jensen
Time
Total ForwardTotal DefenseLast Minutes OffensiveLast Minutes Defensive
60:00 60:00 0:000:00
Extra Forwards
Normal PowerPlayPenalty Kill
Nazem Kadri, Roope Hintz, Kyle ConnorCarter Verhaeghe, Kyle ConnorRoope Hintz
Extra Defensemen
Normal PowerPlayPenalty Kill
Rasmus Andersson, Joshua Morrissey, Erik KarlssonNoah Dobson, Erik KarlssonJoshua Morrissey
Penalty Shots
Nazem Kadri, Roope Hintz, Chandler Stephenson, Kyle Connor, Carter Verhaeghe
Goalie
Frederik Andersen, Anthony Stolarz
Custom OT Lines Forwards
Kyle Connor, Nazem Kadri, Carter Verhaeghe, Alexander Barabanov, Roope Hintz, Chandler Stephenson, Philip Tomasino, David Kampf, Arthur Kaliyev, Tyler Motte
Custom OT Lines Defensemen
Rasmus Andersson, Nick Jensen, Joshua Morrissey, Erik Karlsson, Adam Pelech
Scratches
None


Play-by-Play

1st period


0:01 of 1st period - Mark Scheifele wins face-off versus Chandler Stephenson in neutral zone.
0:14 of 1st period - Snap shot by David Pastrnak.
0:14 of 1st period - Stopped by Frederik Andersen without a rebound.
0:15 of 1st period - Nazem Kadri wins face-off versus John Tavares in Rangers zone.
0:28 of 1st period - Wrist shot by Alexander Barabanov.
0:28 of 1st period - Shot Misses the Net.
0:42 of 1st period - Noel Acciari is hit by Philip Tomasino and loses puck.
0:59 of 1st period - Snap shot by David Pastrnak.
0:59 of 1st period - Stopped by Frederik Andersen with a rebound.
1:01 of 1st period - Slapshot by Jeff Petry.
1:01 of 1st period - Deflect By Mark Scheifele.
1:01 of 1st period - Shot Misses the Net.
1:01 of 1st period - Puck is out of play.
1:02 of 1st period - Mark Scheifele wins face-off versus Chandler Stephenson in Rangers zone.
1:05 of 1st period - Wrist shot by David Pastrnak.
1:05 of 1st period - Shot Misses the Net.
1:07 of 1st period - Snap shot by Viktor Arvidsson.
1:07 of 1st period - Shot Misses the Net.
1:15 of 1st period - Wrist shot by Kyle Connor.
1:15 of 1st period - Stopped by Marc-Andre Fleury without a rebound.
1:16 of 1st period - David Kampf wins face-off versus John Tavares in Red Wings zone.
1:53 of 1st period - Brett Pesce is hit by Carter Verhaeghe.
2:00 of 1st period - Icing by Justin Holl.
2:01 of 1st period - Chandler Stephenson wins face-off versus Noel Acciari in Red Wings zone.
2:16 of 1st period - Slapshot by Noel Acciari.
2:16 of 1st period - Goal by Noel Acciari - Red Wings : 1 - Rangers : 0.
2:17 of 1st period - Mark Scheifele wins face-off versus Trent Frederic in neutral zone.
2:44 of 1st period - Adam Pelech is hit by Radko Gudas and loses puck.
2:51 of 1st period - Slapshot by John Tavares.
2:51 of 1st period - Stopped by Frederik Andersen without a rebound.
2:52 of 1st period - Chandler Stephenson wins face-off versus John Tavares in Rangers zone.
3:00 of 1st period - Slapshot by John Tavares.
3:00 of 1st period - Stopped by Frederik Andersen with a rebound.
3:08 of 1st period - Slapshot by Kyle Connor.
3:08 of 1st period - Shot Blocked by Jeff Petry.
3:42 of 1st period - Slapshot by Kailer Yamamoto.
3:42 of 1st period - Stopped by Frederik Andersen without a rebound.
3:43 of 1st period - Philip Tomasino wins face-off versus Noel Acciari in Rangers zone.
4:55 of 1st period - Snap shot by Tyler Motte.
4:55 of 1st period - Stopped by Marc-Andre Fleury with a rebound.
4:57 of 1st period - Snap shot by Rasmus Andersson.
4:57 of 1st period - Stopped by Marc-Andre Fleury with a rebound.
4:59 of 1st period - Slapshot by Rasmus Andersson.
4:59 of 1st period - Shot Misses the Net.
5:15 of 1st period - Wrist shot by Roope Hintz.
5:15 of 1st period - Shot Misses the Net.
5:17 of 1st period - Slapshot by Nick Jensen.
5:17 of 1st period - Shot Blocked by Justin Holl.
5:19 of 1st period - Slapshot by Erik Karlsson.
5:19 of 1st period - Shot Blocked by Justin Holl.
5:37 of 1st period - Snap shot by John Tavares.
5:37 of 1st period - Deflect By Kyle Okposo.
5:37 of 1st period - Deflect By Erik Karlsson.
5:37 of 1st period - Stopped by Frederik Andersen with a rebound.
6:07 of 1st period - Icing by Mark Scheifele.
6:08 of 1st period - Chandler Stephenson wins face-off versus Mark Scheifele in Red Wings zone.
6:09 of 1st period - Snap shot by Kyle Connor.
6:09 of 1st period - Stopped by Marc-Andre Fleury with a rebound.
6:23 of 1st period - Snap shot by Kyle Connor.
6:23 of 1st period - Shot Misses the Net.
6:40 of 1st period - Kyle Okposo is hit by Nazem Kadri and loses puck.
7:41 of 1st period - David Kampf is hit by Jeff Petry and loses puck.
7:46 of 1st period - Snap shot by John Tavares.
7:46 of 1st period - Stopped by Frederik Andersen with a rebound.
8:03 of 1st period - Roope Hintz is hit by Brett Pesce and loses puck.
9:03 of 1st period - Snap shot by John Tavares.
9:03 of 1st period - Shot Misses the Net.
9:21 of 1st period - Snap shot by Viktor Arvidsson.
9:21 of 1st period - Deflect By David Pastrnak.
9:21 of 1st period - Stopped by Frederik Andersen with a rebound.
9:50 of 1st period - Connor Brown is hit by Tyler Motte and loses puck.
10:59 of 1st period - Trent Frederic is hit by Kyle Okposo and loses puck.
11:56 of 1st period - Trent Frederic is hit by John Tavares and loses puck.
12:09 of 1st period - Alexander Barabanov is hit by David Pastrnak and loses puck.
12:24 of 1st period - Joshua Morrissey is hit by Lars Eller and loses puck.
12:33 of 1st period - Snap shot by Kailer Yamamoto.
12:33 of 1st period - Stopped by Frederik Andersen with a rebound.
12:35 of 1st period - Slapshot by Brett Pesce.
12:35 of 1st period - Deflect By Kailer Yamamoto.
12:35 of 1st period - Stopped by Frederik Andersen without a rebound.
12:36 of 1st period - John Tavares wins face-off versus Philip Tomasino in Rangers zone.
12:51 of 1st period - Icing by Philip Tomasino.
12:52 of 1st period - Mark Scheifele wins face-off versus Trent Frederic in Rangers zone.
12:55 of 1st period - Snap shot by Viktor Arvidsson.
12:55 of 1st period - Stopped by Frederik Andersen without a rebound.
12:56 of 1st period - Mark Scheifele wins face-off versus Chandler Stephenson in Rangers zone.
13:23 of 1st period - Adam Pelech is hit by Kyle Okposo and loses puck.
13:29 of 1st period - Off-side.
13:30 of 1st period - John Tavares wins face-off versus Nazem Kadri in neutral zone.
15:13 of 1st period - Slapshot by Erik Karlsson.
15:13 of 1st period - Stopped by Marc-Andre Fleury without a rebound.
15:14 of 1st period - Chandler Stephenson wins face-off versus Mark Scheifele in Red Wings zone.
15:15 of 1st period - Wrist shot by Kyle Connor.
15:15 of 1st period - Stopped by Marc-Andre Fleury without a rebound.
15:16 of 1st period - Mark Scheifele wins face-off versus Roope Hintz in Red Wings zone.
15:53 of 1st period - Wrist shot by Alexander Barabanov.
15:53 of 1st period - Shot Blocked by Jujhar Khaira.
15:55 of 1st period - Snap shot by Rasmus Andersson.
15:55 of 1st period - Shot Blocked by Dylan DeMelo.
16:28 of 1st period - Snap shot by David Pastrnak.
16:28 of 1st period - Shot Misses the Net.
16:36 of 1st period - Slapshot by Noah Dobson.
16:36 of 1st period - Stopped by Marc-Andre Fleury without a rebound.
16:37 of 1st period - Chandler Stephenson wins face-off versus Viktor Arvidsson in Red Wings zone.
16:40 of 1st period - Snap shot by Kyle Connor.
16:40 of 1st period - Stopped by Marc-Andre Fleury without a rebound.
16:41 of 1st period - Chandler Stephenson wins face-off versus Mark Scheifele in Red Wings zone.
17:40 of 1st period - Snap shot by Kailer Yamamoto.
17:40 of 1st period - Deflect By Noel Acciari.
17:40 of 1st period - Shot Blocked by Nick Jensen.
17:40 of 1st period - Puck is out of play.
17:41 of 1st period - Nazem Kadri wins face-off versus Viktor Arvidsson in Rangers zone.
18:04 of 1st period - Snap shot by Alexander Barabanov.
18:04 of 1st period - Shot Misses the Net.
18:06 of 1st period - Slapshot by Alexander Barabanov.
18:06 of 1st period - Stopped by Marc-Andre Fleury without a rebound.
18:07 of 1st period - Noel Acciari wins face-off versus Philip Tomasino in Red Wings zone.
18:07 of 1st period - Noel Acciari is hit by Adam Pelech.
18:17 of 1st period - Snap shot by Arthur Kaliyev.
18:17 of 1st period - Stopped by Marc-Andre Fleury with a rebound.
18:19 of 1st period - Slapshot by Arthur Kaliyev.
18:19 of 1st period - Stopped by Marc-Andre Fleury with a rebound.
18:21 of 1st period - Snap shot by Adam Pelech.
18:21 of 1st period - Stopped by Marc-Andre Fleury without a rebound.
18:22 of 1st period - Chandler Stephenson wins face-off versus Mark Scheifele in Red Wings zone.
18:33 of 1st period - Chandler Stephenson is hit by Viktor Arvidsson.
18:36 of 1st period - Icing by Kyle Connor.
18:37 of 1st period - Roope Hintz wins face-off versus Noel Acciari in Rangers zone.
19:08 of 1st period - Snap shot by Kailer Yamamoto.
19:08 of 1st period - Deflect By Noel Acciari.
19:08 of 1st period - Shot Misses the Net.
19:08 of 1st period - Puck is out of play.
19:09 of 1st period - John Tavares wins face-off versus Nazem Kadri in Rangers zone.
19:16 of 1st period - Snap shot by John Tavares.
19:16 of 1st period - Stopped by Frederik Andersen with a rebound.
19:34 of 1st period - Radko Gudas is hit by Adam Pelech and loses puck.
19:57 of 1st period - Snap shot by Connor Brown.
19:57 of 1st period - Shot Blocked by Joshua Morrissey.
19:59 of 1st period - Wrist shot by Michael Carcone.
19:59 of 1st period - Goal by Michael Carcone - Red Wings : 2 - Rangers : 0.
Goals for this period are 2 for Red Wings vs 0 for Rangers.
Shots for this period are 14 for Red Wings vs 12 for Rangers.

2nd period


0:01 of 2nd period - John Tavares wins face-off versus Nazem Kadri in neutral zone.
0:03 of 2nd period - Off-side.
0:04 of 2nd period - Nazem Kadri wins face-off versus John Tavares in neutral zone.
0:07 of 2nd period - Wrist shot by Nazem Kadri.
0:07 of 2nd period - Stopped by Marc-Andre Fleury without a rebound.
0:08 of 2nd period - Nazem Kadri wins face-off versus John Tavares in Red Wings zone.
0:13 of 2nd period - Slapshot by Alexander Barabanov.
0:13 of 2nd period - Deflect By Carter Verhaeghe.
0:13 of 2nd period - Shot Misses the Net.
0:13 of 2nd period - Puck is out of play.
0:14 of 2nd period - Nazem Kadri wins face-off versus Mark Scheifele in Red Wings zone.
0:15 of 2nd period - Slapshot by Carter Verhaeghe.
0:15 of 2nd period - Shot Misses the Net.
0:17 of 2nd period - Wrist shot by Nazem Kadri.
0:17 of 2nd period - Shot Misses the Net.
0:52 of 2nd period - Wrist shot by Arthur Kaliyev.
0:52 of 2nd period - Deflect By Mark Scheifele.
0:52 of 2nd period - Shot Misses the Net.
0:52 of 2nd period - Puck is out of play.
0:53 of 2nd period - Chandler Stephenson wins face-off versus Noel Acciari in Red Wings zone.
1:08 of 2nd period - Snap shot by Chandler Stephenson.
1:08 of 2nd period - Shot Misses the Net.
1:22 of 2nd period - Icing by Nick Jensen.
1:23 of 2nd period - Nazem Kadri wins face-off versus John Tavares in Rangers zone.
1:41 of 2nd period - Alexander Barabanov is hit by Jeff Petry and loses puck.
1:50 of 2nd period - Snap shot by Alexander Barabanov.
1:50 of 2nd period - Shot Misses the Net.
1:52 of 2nd period - Snap shot by Nazem Kadri.
1:52 of 2nd period - Stopped by Marc-Andre Fleury with a rebound.
1:54 of 2nd period - Slapshot by Joshua Morrissey.
1:54 of 2nd period - Deflect By John Tavares.
1:54 of 2nd period - Stopped by Marc-Andre Fleury with a rebound.
1:56 of 2nd period - Wrist shot by Carter Verhaeghe.
1:56 of 2nd period - Shot Misses the Net.
1:58 of 2nd period - Snap shot by Carter Verhaeghe.
1:58 of 2nd period - Shot Misses the Net.
2:08 of 2nd period - Snap shot by Alexander Barabanov.
2:08 of 2nd period - Stopped by Marc-Andre Fleury without a rebound.
2:09 of 2nd period - Noel Acciari wins face-off versus Chandler Stephenson in Red Wings zone.
2:45 of 2nd period - Wrist shot by Philip Tomasino.
2:45 of 2nd period - Stopped by Marc-Andre Fleury with a rebound.
3:41 of 2nd period - Icing by Nick Jensen.
3:42 of 2nd period - Chandler Stephenson wins face-off versus Mark Scheifele in Rangers zone.
3:57 of 2nd period - Wrist shot by Kyle Connor.
3:57 of 2nd period - Shot Blocked by Radko Gudas.
4:21 of 2nd period - Snap shot by Alexander Barabanov.
4:21 of 2nd period - Stopped by Marc-Andre Fleury without a rebound.
4:22 of 2nd period - Philip Tomasino wins face-off versus David Pastrnak in Red Wings zone.
4:43 of 2nd period - Minor Penalty to David Pastrnak for Holding.
4:44 of 2nd period - Noel Acciari wins face-off versus Chandler Stephenson in Red Wings zone.
4:55 of 2nd period - Dylan DeMelo is hit by Chandler Stephenson and loses puck.
5:10 of 2nd period - Dylan DeMelo is hit by Joshua Morrissey.
6:04 of 2nd period - Kailer Yamamoto is hit by Chandler Stephenson and loses puck.
6:43 of 2nd period - Penalty to David Pastrnak is over, David Pastrnak is back on ice.
6:47 of 2nd period - Snap shot by John Tavares.
6:47 of 2nd period - Shot Misses the Net.
6:53 of 2nd period - Viktor Arvidsson is hit by Philip Tomasino.
7:53 of 2nd period - Slapshot by Viktor Arvidsson.
7:53 of 2nd period - Stopped by Frederik Andersen without a rebound.
7:54 of 2nd period - Michael Carcone wins face-off versus Chandler Stephenson in Rangers zone.
8:37 of 2nd period - Jeff Petry is hit by Nazem Kadri and loses puck.
9:28 of 2nd period - Icing by Dylan DeMelo.
9:29 of 2nd period - Michael Carcone wins face-off versus Nazem Kadri in Red Wings zone.
9:29 of 2nd period - Michael Carcone is hit by Adam Pelech.
9:41 of 2nd period - Adam Pelech is hit by Radko Gudas and loses puck.
9:54 of 2nd period - Wrist shot by Connor Brown.
9:54 of 2nd period - Shot Misses the Net.
9:56 of 2nd period - Slapshot by Connor Brown.
9:56 of 2nd period - Stopped by Frederik Andersen without a rebound.
9:57 of 2nd period - John Tavares wins face-off versus Kyle Connor in Rangers zone.
10:02 of 2nd period - Snap shot by Oliver Bjorkstrand.
10:02 of 2nd period - Stopped by Frederik Andersen without a rebound.
10:03 of 2nd period - John Tavares wins face-off versus Nazem Kadri in Rangers zone.
10:49 of 2nd period - Erik Karlsson is hit by Dylan DeMelo and loses puck.
11:38 of 2nd period - Wrist shot by Oliver Bjorkstrand.
11:38 of 2nd period - Shot Misses the Net.
11:40 of 2nd period - Snap shot by Oliver Bjorkstrand.
11:40 of 2nd period - Shot Hit the Post.
13:21 of 2nd period - Snap shot by Roope Hintz.
13:21 of 2nd period - Stopped by Marc-Andre Fleury without a rebound.
13:22 of 2nd period - Carter Verhaeghe wins face-off versus John Tavares in Red Wings zone.
14:12 of 2nd period - Snap shot by Lars Eller.
14:12 of 2nd period - Shot Blocked by Philip Tomasino.
14:14 of 2nd period - Slapshot by Dylan DeMelo.
14:14 of 2nd period - Stopped by Frederik Andersen with a rebound.
14:16 of 2nd period - Slapshot by Lars Eller.
14:16 of 2nd period - Stopped by Frederik Andersen without a rebound.
14:17 of 2nd period - John Tavares wins face-off versus Nazem Kadri in Rangers zone.
15:14 of 2nd period - Carter Verhaeghe is hit by Lars Eller.
15:28 of 2nd period - Snap shot by Alexander Barabanov.
15:28 of 2nd period - Stopped by Marc-Andre Fleury without a rebound.
15:29 of 2nd period - Chandler Stephenson wins face-off versus John Tavares in Red Wings zone.
15:44 of 2nd period - Snap shot by John Tavares.
15:44 of 2nd period - Shot Blocked by Nick Jensen.
16:38 of 2nd period - Oliver Bjorkstrand is hit by Roope Hintz and loses puck.
16:43 of 2nd period - Snap shot by Chandler Stephenson.
16:43 of 2nd period - Shot Misses the Net.
16:45 of 2nd period - Slapshot by Nick Jensen.
16:45 of 2nd period - Shot Blocked by Justin Holl.
16:47 of 2nd period - Slapshot by Chandler Stephenson.
16:47 of 2nd period - Stopped by Marc-Andre Fleury without a rebound.
16:48 of 2nd period - Mark Scheifele wins face-off versus Roope Hintz in Red Wings zone.
17:03 of 2nd period - Jeff Petry is hit by Roope Hintz and loses puck.
17:14 of 2nd period - Philip Tomasino is hit by Oliver Bjorkstrand and loses puck.
17:19 of 2nd period - Snap shot by John Tavares.
17:19 of 2nd period - Stopped by Frederik Andersen without a rebound.
17:20 of 2nd period - John Tavares wins face-off versus Nazem Kadri in Rangers zone.
17:25 of 2nd period - Wrist shot by John Tavares.
17:25 of 2nd period - Stopped by Frederik Andersen without a rebound.
17:26 of 2nd period - Nazem Kadri wins face-off versus John Tavares in Rangers zone.
18:13 of 2nd period - Slapshot by Noel Acciari.
18:13 of 2nd period - Shot Misses the Net.
18:15 of 2nd period - Snap shot by Kailer Yamamoto.
18:15 of 2nd period - Stopped by Frederik Andersen without a rebound.
18:16 of 2nd period - Kailer Yamamoto wins face-off versus Philip Tomasino in Rangers zone.
18:50 of 2nd period - Minor Penalty to Kyle Okposo for Interference.
18:51 of 2nd period - Chandler Stephenson wins face-off versus Noel Acciari in Red Wings zone.
Goals for this period are 0 for Red Wings vs 0 for Rangers.
Shots for this period are 8 for Red Wings vs 9 for Rangers.

3rd period


0:01 of 3rd period - Noel Acciari wins face-off versus Chandler Stephenson in neutral zone.
0:09 of 3rd period - Snap shot by Kyle Connor.
0:09 of 3rd period - Shot Misses the Net.
0:11 of 3rd period - Wrist shot by Chandler Stephenson.
0:11 of 3rd period - Shot Blocked by Connor Brown.
0:50 of 3rd period - Penalty to Kyle Okposo is over, Kyle Okposo is back on ice.
1:11 of 3rd period - Wrist shot by Mark Scheifele.
1:11 of 3rd period - Shot Misses the Net.
1:13 of 3rd period - Snap shot by David Pastrnak.
1:13 of 3rd period - Shot Blocked by Rasmus Andersson.
1:33 of 3rd period - Snap shot by Connor Brown.
1:33 of 3rd period - Shot Misses the Net.
1:49 of 3rd period - Adam Pelech is hit by Radko Gudas and loses puck.
2:15 of 3rd period - Slapshot by Kailer Yamamoto.
2:15 of 3rd period - Shot Hit the Post.
2:17 of 3rd period - Wrist shot by Kailer Yamamoto.
2:17 of 3rd period - Stopped by Frederik Andersen with a rebound.
2:19 of 3rd period - Slapshot by Kailer Yamamoto.
2:19 of 3rd period - Stopped by Frederik Andersen without a rebound.
2:20 of 3rd period - Chandler Stephenson wins face-off versus John Tavares in Rangers zone.
2:49 of 3rd period - Wrist shot by Mark Scheifele.
2:49 of 3rd period - Shot Hit the Post.
2:51 of 3rd period - Snap shot by Brett Pesce.
2:51 of 3rd period - Stopped by Frederik Andersen with a rebound.
3:13 of 3rd period - Icing by Lars Eller.
3:14 of 3rd period - Philip Tomasino wins face-off versus Noel Acciari in Red Wings zone.
3:21 of 3rd period - Snap shot by Joshua Morrissey.
3:21 of 3rd period - Shot Blocked by Jeff Petry.
3:31 of 3rd period - Snap shot by Kailer Yamamoto.
3:31 of 3rd period - Shot Misses the Net.
3:33 of 3rd period - Slapshot by Jeff Petry.
3:33 of 3rd period - Shot Misses the Net.
3:41 of 3rd period - Snap shot by Jeff Petry.
3:41 of 3rd period - Stopped by Frederik Andersen without a rebound.
3:42 of 3rd period - John Tavares wins face-off versus Chandler Stephenson in Rangers zone.
4:41 of 3rd period - Wrist shot by Lars Eller.
4:41 of 3rd period - Stopped by Frederik Andersen with a rebound.
4:43 of 3rd period - Slapshot by Dylan DeMelo.
4:43 of 3rd period - Deflect By Kailer Yamamoto.
4:43 of 3rd period - Goal by Kailer Yamamoto - Red Wings : 3 - Rangers : 0.
4:44 of 3rd period - John Tavares wins face-off versus Chandler Stephenson in neutral zone.
5:19 of 3rd period - Wrist shot by David Pastrnak.
5:19 of 3rd period - Shot Misses the Net.
5:25 of 3rd period - David Pastrnak is hit by Joshua Morrissey and loses puck.
5:48 of 3rd period - Snap shot by Noel Acciari.
5:48 of 3rd period - Shot Blocked by Arthur Kaliyev.
6:04 of 3rd period - Backhand shot by Erik Karlsson.
6:04 of 3rd period - Shot Misses the Net.
6:13 of 3rd period - Snap shot by John Tavares.
6:13 of 3rd period - Shot Blocked by Nick Jensen.
6:23 of 3rd period - Roope Hintz is hit by Brett Pesce.
6:44 of 3rd period - Slapshot by Alexander Barabanov.
6:44 of 3rd period - Shot Blocked by Justin Holl.
6:46 of 3rd period - Slapshot by Nick Jensen.
6:46 of 3rd period - Shot Blocked by Viktor Arvidsson.
6:48 of 3rd period - Backhand shot by Erik Karlsson.
6:48 of 3rd period - Goal by Erik Karlsson - Red Wings : 3 - Rangers : 1.
6:49 of 3rd period - Chandler Stephenson wins face-off versus John Tavares in neutral zone.
7:05 of 3rd period - Snap shot by Oliver Bjorkstrand.
7:05 of 3rd period - Shot Misses the Net.
7:46 of 3rd period - Snap shot by Kailer Yamamoto.
7:46 of 3rd period - Stopped by Frederik Andersen with a rebound.
7:48 of 3rd period - Slapshot by Brett Pesce.
7:48 of 3rd period - Shot Hit the Post.
8:23 of 3rd period - Chandler Stephenson is hit by Jeff Petry and loses puck.
9:23 of 3rd period - Minor Penalty to Radko Gudas for Goalie Interference.
9:24 of 3rd period - Chandler Stephenson wins face-off versus Noel Acciari in Red Wings zone.
9:56 of 3rd period - Rasmus Andersson is hit by Kailer Yamamoto and loses puck.
11:23 of 3rd period - Penalty to Radko Gudas is over, Radko Gudas is back on ice.
11:37 of 3rd period - Snap shot by Oliver Bjorkstrand.
11:37 of 3rd period - Shot Misses the Net.
11:39 of 3rd period - Slapshot by Justin Holl.
11:39 of 3rd period - Stopped by Frederik Andersen with a rebound.
11:51 of 3rd period - Slapshot by Erik Karlsson.
11:51 of 3rd period - Shot Misses the Net.
11:53 of 3rd period - Wrist shot by Dakota Joshua.
11:53 of 3rd period - Stopped by Marc-Andre Fleury without a rebound.
11:54 of 3rd period - David Pastrnak wins face-off versus David Kampf in Red Wings zone.
12:05 of 3rd period - Snap shot by David Pastrnak.
12:05 of 3rd period - Stopped by Frederik Andersen with a rebound.
12:28 of 3rd period - Tyler Motte is hit by Noel Acciari and loses puck.
13:10 of 3rd period - Roope Hintz is hit by Jujhar Khaira and loses puck.
13:23 of 3rd period - Slapshot by Noah Dobson.
13:23 of 3rd period - Stopped by Marc-Andre Fleury without a rebound.
13:24 of 3rd period - Philip Tomasino wins face-off versus Mark Scheifele in Red Wings zone.
13:25 of 3rd period - Slapshot by Joshua Morrissey.
13:25 of 3rd period - Stopped by Marc-Andre Fleury with a rebound.
13:37 of 3rd period - Radko Gudas is hit by Rasmus Andersson.
13:49 of 3rd period - Joshua Morrissey is hit by Radko Gudas and loses puck.
14:02 of 3rd period - Off-side.
14:03 of 3rd period - John Tavares wins face-off versus Chandler Stephenson in neutral zone.
14:51 of 3rd period - Off-side.
14:52 of 3rd period - David Kampf wins face-off versus Michael Carcone in neutral zone.
14:57 of 3rd period - Wrist shot by Tyler Motte.
14:57 of 3rd period - Shot Misses the Net.
14:59 of 3rd period - Snap shot by Tyler Motte.
14:59 of 3rd period - Stopped by Marc-Andre Fleury with a rebound.
15:01 of 3rd period - Snap shot by Dakota Joshua.
15:01 of 3rd period - Deflect By Tyler Motte.
15:01 of 3rd period - Shot Blocked by Jujhar Khaira.
15:01 of 3rd period - Puck is out of play.
15:02 of 3rd period - Noel Acciari wins face-off versus Philip Tomasino in Red Wings zone.
15:11 of 3rd period - Philip Tomasino is hit by Noel Acciari.
15:27 of 3rd period - Chandler Stephenson is hit by David Pastrnak and loses puck.
16:03 of 3rd period - Jujhar Khaira is hit by Carter Verhaeghe and loses puck.
16:16 of 3rd period - Nazem Kadri is hit by Jeff Petry and loses puck.
16:32 of 3rd period - Erik Karlsson is hit by Lars Eller and loses puck.
16:47 of 3rd period - Dylan Samberg is hit by Justin Holl and loses puck.
17:12 of 3rd period - Kyle Okposo is hit by Dakota Joshua and loses puck.
17:41 of 3rd period - Snap shot by Trent Frederic.
17:41 of 3rd period - Stopped by Marc-Andre Fleury with a rebound.
17:43 of 3rd period - Snap shot by Trent Frederic.
17:43 of 3rd period - Shot Blocked by Jujhar Khaira.
17:55 of 3rd period - Wrist shot by Kyle Connor.
17:55 of 3rd period - Shot Blocked by Radko Gudas.
17:57 of 3rd period - Snap shot by Noah Dobson.
17:57 of 3rd period - Shot Misses the Net.
17:59 of 3rd period - Snap shot by Chandler Stephenson.
17:59 of 3rd period - Shot Blocked by Radko Gudas.
18:24 of 3rd period - Icing by Oliver Bjorkstrand.
18:25 of 3rd period - John Tavares wins face-off versus Chandler Stephenson in Red Wings zone.
18:38 of 3rd period - Slapshot by Kailer Yamamoto.
18:38 of 3rd period - Stopped by Frederik Andersen without a rebound.
18:39 of 3rd period - Philip Tomasino wins face-off versus Mark Scheifele in Rangers zone.
19:05 of 3rd period - Chandler Stephenson is hit by Justin Holl and loses puck.
19:16 of 3rd period - Slapshot by Kailer Yamamoto.
19:16 of 3rd period - Shot Misses the Net.
19:18 of 3rd period - Slapshot by Kailer Yamamoto.
19:18 of 3rd period - Shot Misses the Net.
19:28 of 3rd period - David Pastrnak is hit by Chandler Stephenson and loses puck.
19:45 of 3rd period - Wrist shot by Erik Karlsson.
19:45 of 3rd period - Shot Blocked by Kailer Yamamoto.
19:47 of 3rd period - Wrist shot by Nazem Kadri.
19:47 of 3rd period - Shot Misses the Net.
19:49 of 3rd period - Slapshot by Nazem Kadri.
19:49 of 3rd period - Stopped by Marc-Andre Fleury without a rebound.
19:50 of 3rd period - Nazem Kadri wins face-off versus Mark Scheifele in Red Wings zone.
Goals for this period are 1 for Red Wings vs 1 for Rangers.
Shots for this period are 10 for Red Wings vs 7 for Rangers.




Output by the SimonT Hockey Simulator (STHS) for Eric Tremblay - Original Page W3C HTML5 Valid
Hockey Simulator - Hockey Simulation - Hockey Manager